 Dungeon Crawl Stone Soup version 0.30-a0-996-ga6910c8ee8 (webtiles) character file.

Game seed: 11166836159798999305

446 ytrimaz the Ruffian (level 6, -1/81 HPs)
             Began as a Troll Transmuter on Apr 5, 2023.
             Slain by a gnoll
             ... wielding a +0 spear
             ... led by a gnoll sergeant
              (5 damage)
             ... on level 5 of the Dungeon.
             The game lasted 00:04:34 (3255 turns).

ytrimaz the Ruffian (Troll Transmuter)              Turns: 3255, Time: 00:04:34

Health: -1/81      AC: 23    Str: 19    XL:     6   Next: 73%
Magic:  7/9        EV:  1    Int: 11    God:
Gold:   380        SH:  0    Dex: 10    Spells: 2/10 levels left

rFire   + . .      SeeInvis .      - Unarmed
rCold   . . .      Faith    .    (no shield)
rNeg    . . .      Spirit   .    a - melded +0 robe
rPois   +          Reflect  .    (helmet currently unavailable)
rElec   .          Rampage  .    (cloak currently unavailable)
rCorr   .          NoTele   +    (gloves unavailable)
Will    .....                    (boots unavailable)
Stlth   +                        (no amulet)
HPRegen 1.13/turn                f - ring of protection from fire
MPRegen 0.11/turn                (no ring)

@: tree-form, wereblooded, attractive
A: stationary, stasis, torment immunity, boosted hp, large, unfitting armour,
(claws 3), regeneration 1, (shaggy fur 1), (tough skin 1)
a: no special abilities


You were on level 5 of the Dungeon.
You were a tree.
You visited 1 branch of the dungeon, and saw 5 of its levels.

You collected 380 gold pieces.


Innate Abilities, Weirdness & Mutations

You are a tree.
Your roots penetrate the ground, keeping you stationary.
You cannot be teleported.
You are immune to unholy pain and torment.
Your maximum health is greatly increased.
Your equipment is partially melded.
You are too large for most types of armour.
((You have claws for hands.))
Your natural rate of healing is unusually fast.
((You are covered in fur. (AC +1)))
((You have tough skin. (AC +1)))


   Skills:
 - Level 0.7 Fighting
 - Level 1.5 Dodging
 + Level 5.2 Unarmed Combat
 + Level 2.9 Spellcasting
 - Level 3.0 Transmutations


You had 2 spell levels left.
You knew the following spells:

 Your Spells              Type           Power      Damage    Failure   Level
a - Beastly Appendage     Tmut           16%        N/A       8%          1
b - Wereblood             Tmut           8%         N/A       12%         2
c - Irradiate             Conj/Tmut      2%         3d12      99%         5

Your spell library contained the following spells:

 Spells                   Type           Power      Damage    Failure   Level
 Magic Dart               Conj           4%         1d3       26%         1
 Call Imp                 Summ           1%         N/A       38%         2
 Searing Ray              Conj           2%         2d4       38%         2
 Sublimation of Blood     Necr           1%         N/A       38%         2
 Spider Form              Tmut/Pois      4%         N/A       41%         3
 Mephitic Cloud           Conj/Pois/Air  1%         N/A       63%         3
 Ice Form                 Ice/Tmut       4%         N/A       82%         4
 Petrify                  Tmut/Erth      4%         N/A       82%         4
 Fulminant Prism          Conj/Hex       0%         3d5       95%         4

Inventory:

Missiles
 g - a throwing net
Armour
 a - a +0 robe (melded)
Jewellery
 f - a ring of protection from fire (left branch)
   (You found it on level 2 of the Dungeon)
Wands
 k - a wand of mindburst (19)
   (You found it on level 4 of the Dungeon)
Scrolls
 d - 3 scrolls of teleportation
 e - 2 scrolls of identify
 j - 2 scrolls of noise {unknown}
 l - a scroll of blinking {unknown}
 m - 3 scrolls of magic mapping {unknown}
Potions
 h - a potion of brilliance
 i - a potion of ambrosia

Dungeon Overview and Level Annotations

Branches:
Dungeon (5/15) Zot: 26763
 Temple: D:4-7

Altars:
Cheibriados
Elyvilon
Makhleb
Nemelex Xobeh
Okawaru
Qazlal
Ru
Trog
Vehumet

Annotations:
D:5 2 transporters

#.# #########.# #.#
..........# #.#
########..# #.# #
#..# .######.##.#
#..## .......ยง...#
#.... #ยง# #.###
###g### #.# #
#..โ™ฃg.# #.# #
###.###.### #.# # ...
#)..# ##.# #
#.##.###.#.# #..# # #
#.....#.# #โ€ ## #
###.###.# #<# #
####.###.#######.## #
#............|....# #
#.###############.###


You could see a gnoll sergeant and a gnoll.


Message History

๐Ÿ˜• HP[+1]
You claw the gnoll!
You kill the gnoll!
You see here a +0 whip.
Key pressed, stopping explore.
Unknown command. ๐Ÿ˜Ž HP[+10]
Your hp is fully restored (54).
A gnoll sergeant and 2 gnolls come into view.
The gnoll sergeant shouts!
The gnoll shouts! x2
There is an escape hatch in the floor here.
A gnoll comes into view. It is wielding a +0 whip.
The gnoll hits you with a +0 spear. ๐Ÿ˜• HP[-2]
You take 2 damage, and now have 52/54 hp.
There are monsters nearby!
There are monsters nearby!
You closely miss the gnoll. ๐Ÿ˜• HP[+1] Unknown command.
The gnoll attacks as you move away! The gnoll hits you with a +0 spear.
The gnoll barely misses you. ๐Ÿ˜• HP[-3]
You take 3 damage, and now have 50/54 hp.
Unknown command.
You grow a pair of large bovine horns.
Your feet morph into talons.
The gnoll hits you from afar with a +0 spear.
The gnoll sergeant barely misses you. ๐Ÿ˜• HP[-1] MP[-1]
You take 1 damage, and now have 49/54 hp.
You lost 1 mp, and now have 8/9 mp.
Casting: Beastly Appendage (safe; 8% risk of failure)
Confirm with . or Enter, or press ? or * to list all spells.
Your blood is infused with primal strength.
The gnoll barely misses you.
The gnoll sergeant hits you from afar with a +0 spear!
Attack: -) Claws
Press: ? - help, Dir - move target, f - you That would be overly suicidal.
Okay, then. ๐Ÿ˜ฎ HP[-11] MP[-2]
You take 11 damage, and now have 38/54 hp.
MASSIVE DAMAGE!! (PAUSE)
You lost 2 mp, and now have 6/9 mp.
The gnoll hits you from afar with a +0 spear.
The gnoll sergeant hits you from afar with a +0 spear. ๐Ÿ˜ฎ HP[-7]
You take 7 damage, and now have 31/54 hp.
You claw the gnoll!
You feel a bit better.
You kill the gnoll!
The gnoll hits you from afar with a +0 spear.
The gnoll sergeant hits you from afar with a +0 spear. ๐Ÿ˜ฎ HP[-2]
You take 2 damage, and now have 29/54 hp.
Your transformation is almost over.
The gnoll closely misses you. The gnoll hits you but does no damage.
The gnoll sergeant closely misses you.
You see here a +0 whip. ๐Ÿ˜ฎ HP[+1]
The gnoll misses you.
The gnoll sergeant hits you from afar with a +0 spear!
* * * LOW HITPOINT WARNING * * *
๐Ÿ˜จ HP[-8]
You take 8 damage, and now have 22/54 hp.
You closely miss the gnoll. Your kick misses the gnoll. You claw the gnoll!
The gnoll hits you from afar with a +0 spear.
* * * LOW HITPOINT WARNING * * *
The gnoll closely misses you.
The gnoll sergeant hits you from afar with a +0 spear!
* * * LOW HITPOINT WARNING * * *
๐Ÿ˜ฑ HP[-10]
You take 10 damage, and now have 12/54 hp.
Unknown command. ๐Ÿ˜จ HP[+2]
You regained 2 hp, and now have 14/54 hp.
You claw the gnoll!
You feel a bit better.
You kill the gnoll!
The gnoll sergeant hits you from afar with a +0 spear!
* * * LOW HITPOINT WARNING * * *
๐Ÿ˜ฑ HP[-8] MP[+1]
You take 8 damage, and now have 6/54 hp.
Unknown command.
It was a potion of attraction.
You feel attractive to monsters.
The gnoll sergeant hits you from afar with a +0 spear.
* * * LOW HITPOINT WARNING * * *
The gnoll sergeant is attracted toward you.
The gnoll is attracted toward you. ๐Ÿ˜ฑ HP[-5]
You take 5 damage, and now have 1/54 hp.
You feel better.
The gnoll hits you from afar with a +0 spear.
* * * LOW HITPOINT WARNING * * *
The gnoll is attracted toward you. ๐Ÿ˜ฑ HP[+1] Really quaff the potion of lignification?
Your horns disappear.
Your talons disappear.
You turn into a tree.
Your +0 robe melds into your body.
Your roots penetrate the ground.
The gnoll hits you with a +0 spear.
You die...

Skill      XL: |  1  2  3  4  5  6 |
---------------+-------------------+-----
Transmutations | 2 3 |  3.0
Spellcasting   | 2 |  2.9
Unarmed Combat | 4 5 |  5.2
Fighting       | |  0.7
Dodging        | |  1.5

Action                     |  1- 3 |  4- 6 || total
---------------------------+-------+-------++-------
  Melee: Unarmed           |    87 |   150 ||   237
         Punch             |     3 |     5 ||     8
         Kick              |     1 |     5 ||     6
         Headbutt          |       |     3 ||     3
   Cast: Beastly Appendage |     1 |     8 ||     9
         Wereblood         |       |     3 ||     3
    Use: Scroll            |     3 |     5 ||     8
         Potion            |       |     4 ||     4
   Stab: Sleeping          |     1 |     1 ||     2
 Armour: Robe              |    28 |    45 ||    73
         Skin              |       |     3 ||     3
  Dodge: Dodged            |    34 |    70 ||   104

Levels and vault maps discovered:
D:1:      spicycebolla_green_bress_n_ham, layout_loops_ring
D:2:      layout_basic, minmay_statues_item
D:3:      layout_basic
D:4:      layout_basic, nicolae_overflow_hallway_of_the_gods,
          mainiacjoe_overflow_24_doors, minmay_misc_feat_room
D:5:      gammafunk_wand_slinger, layout_loops_ring, marbit_many_paths

Notes
Turn   | Place    | Note
-------+----------+-------------------------------------------
     0 | D:1      | ytrimaz the Troll Transmuter began the quest for the Orb.
     0 | D:1      | Reached XP level 1. HP: 18/18 MP: 1/1
     0 | D:1      | magus.rc [v1.9.6]
   197 | D:1      | Reached XP level 2. HP: 25/26 MP: 3/3
   923 | D:2      | Reached XP level 3. HP: 32/32 MP: 4/4
  1089 | D:2      | Reached skill level 2 in Transmutations
  1098 | D:2      | Learned a level 2 spell: Wereblood
  1241 | D:2      | You pick up a book of Minor Magic and begin reading...
  1241 | D:2      | You add the spells Magic Dart, Call Imp and Mephitic Cloud
                  | to your library.
  1268 | D:2      | You pick up a book of Alchemy and begin reading...
  1268 | D:2      | You add the spells Sublimation of Blood, Petrify and
                  | Irradiate to your library.
  1470 | D:2      | Reached XP level 4. HP: 40/40 MP: 5/5
  1781 | D:3      | Reached skill level 2 in Spellcasting
  1889 | D:3      | Reached skill level 4 in Unarmed Combat
  1895 | D:3      | Reached XP level 5. HP: 46/46 MP: 5/7
  1909 | D:3      | Learned a level 5 spell: Irradiate
  2388 | D:4      | Noticed a phantom
  2400 | D:4      | Killed a phantom
  2458 | D:4      | You pick up a book of Conjurations and begin reading...
  2458 | D:4      | You add the spells Searing Ray and Fulminant Prism to your
                  | library.
  2504 | D:4      | Reached XP level 6. HP: 49/54 MP: 6/8
  2544 | D:4      | Reached skill level 3 in Transmutations
  2668 | D:4      | Found a bloodstained altar of Trog.
  2835 | D:4      | Found a sacrificial altar of Ru.
  2837 | D:4      | Found a white marble altar of Elyvilon.
  2844 | D:4      | Found a snail-covered altar of Cheibriados.
  2845 | D:4      | Found a stormy altar of Qazlal.
  2847 | D:4      | Found a sparkling altar of Nemelex Xobeh.
  2848 | D:4      | Found a burning altar of Makhleb.
  2855 | D:4      | Found an iron altar of Okawaru.
  2856 | D:4      | Found a radiant altar of Vehumet.
  3063 | D:5      | Entered Level 5 of the Dungeon
  3076 | D:4      | HP: 5/54 [orc priest/+2 falchion of protection (9)]
  3155 | D:5      | Found a transporter.
  3160 | D:5      | Reached skill level 5 in Unarmed Combat
  3197 | D:5      | Noticed a kobold demonologist
  3205 | D:5      | Found a transporter.
  3250 | D:5      | HP: 12/54 [gnoll sergeant/+0 spear (7)]
  3253 | D:5      | HP: 1/54 [gnoll sergeant/+0 spear (6)]
  3255 | D:5      | Slain by a gnoll

Vanquished Creatures
  A phantom (D:4)
  A hound (D:4)
  An orc priest (D:4)
  2 iguanas (D:5)
  An orc wizard (D:3)
  9 gnolls
  7 adders
  A worm (D:2)
  8 orcs
  6 ball pythons
  6 endoplasms
  6 giant cockroaches
  5 goblins
  8 hobgoblins
  4 jackals (D:3)
  2 quokkas
  2 bats
  3 frilled lizards
  7 kobolds
  6 rats
86 creatures vanquished.

Table legend:
 A = Non-vault XP
 B = Vault XP
 C = Vault XP percentage of total XP
 D = Non-vault monster count
 E = Vault monster count
 F = Vault count percentage of total count
                 A         B        C        D         E       F
            +---------+---------+-------+---------+---------+-------
      Total |     638 |       0 |   0.0 |      86 |       0 |   0.0
            +---------+---------+-------+---------+---------+-------
        D:1 |      35 |       0 |   0.0 |      22 |       0 |   0.0
        D:2 |      68 |       0 |   0.0 |      17 |       0 |   0.0
        D:3 |     102 |       0 |   0.0 |      22 |       0 |   0.0
        D:4 |     319 |       0 |   0.0 |      20 |       0 |   0.0
        D:5 |     114 |       0 |   0.0 |       5 |       0 |   0.0
            +---------+---------+-------+---------+---------+-------

Illustrated notes

Table legend:
 A = Kills in this place as a percentage of kills in the entire game.
 B = Kills by you in this place as a percentage of kills by you in the entire game.
 C = Kills by friends in this place as a percentage of kills by friends in the entire game.
 D = Other kills in this place as a percentage of other kills in the entire game.
 E = Experience gained in this place as a percentage of experience gained in the entire game.
 F = Experience gained in this place divided by the number of levels of this place that you have seen.
                   A       B       C       D       E      F
               +-------+-------+-------+-------+-------+----------------------
         Total | 100.0 | 100.0 |   N/A |   N/A | 100.0 | 127.6
       Dungeon | 100.0 | 100.0 |   N/A |   N/A | 100.0 | 127.6
               +-------+-------+-------+-------+-------+----------------------

Table legend: (Time is in decaauts)
 A = Elapsed time spent in this place.
 B = Non-inter-level travel time spent in this place.
 C = Inter-level travel time spent in this place.
 D = Time resting spent in this place.
 E = Time spent auto-exploring this place.
 F = Levels seen in this place.
 G = Mean time per level.
                   A        B        C        D        E       F      G
               +--------+--------+--------+--------+--------+-----+--------+
         Total |   3236 |   3073 |    163 |     86 |   2334 |   5 |  647.2 |
       Dungeon |   3236 |   3073 |    163 |     86 |   2334 |   5 |  647.2 |
               +--------+--------+--------+--------+--------+-----+--------+

Top non-repeatable levels by time:
     D:2: 887 daAuts
     D:4: 761 daAuts
     D:1: 742 daAuts
     D:3: 739 daAuts
     D:5: 104 daAuts
